 Dungeon Crawl Stone Soup version 0.17-a0-1195-g0639cb0 (webtiles) character file.

406 Chiseanne the Thrower (level 7, -1/40 HPs)
             Began as a Kobold Hunter on June 2, 2015.
             Slain by a gnoll zombie (5 damage)
             ... in an ossuary.
             The game lasted 00:11:48 (4683 turns).

Chiseanne the Thrower (Kobold Hunter)               Turns: 4683, Time: 00:11:48

Health: -1/40      AC: 10    Str: 11    XL:     7   Next: 12%
Magic:  7/7        EV: 13    Int:  9    God:
Gold:   248        SH:  0    Dex: 18    Spells: 0 memorised, 6 levels left

rFire  . . .     SeeInvis .     a - +0 rapier
rCold  . . .     Clarity  .     p - +0 scale mail
rNeg   . . .     SustAt   +     (shield restricted)
rPois  .         Gourm    .     (no helmet)
rElec  .         Spirit   .     s - +2 cloak
rCorr  .         Warding  .     j - +0 pair of gloves
rMut   .         Stasis   .     (no boots)
MR     .....                    (no amulet)
Stlth  +.........               A - ring of invisibility
                                l - ring of sustain attributes

@: not resistant to hostile enchantments, very unstealthy
A: carnivore 3
a: Evoke Invisibility


You were in an ossuary.
You were very full.

You visited 1 branch of the dungeon, and saw 5 of its levels.
You also visited: Ossuary.

You collected 248 gold pieces.

Inventory:

Hand weapons
 a - a +0 rapier (weapon)
 y - a +0 antimagic hand axe
Missiles
 b - 4 tomahawks (quivered)
 c - 3 throwing nets
 d - 6 sling bullets
 f - 143 stones
 h - 75 arrows
 t - 40 bolts
Armour
 j - a +0 pair of gloves (worn)
 o - a cursed +0 chain mail
 p - a +0 scale mail (worn)
 s - a +2 cloak (worn)
 v - a +0 robe of magic resistance
Jewellery
 l - a ring of sustain attributes (left hand)
 r - an uncursed ring of fire
 A - a ring of invisibility (right hand)
Scrolls
 k - a scroll of amnesia
 w - a scroll of fog
Potions
 i - 3 potions of curing
 n - 2 potions of might {unknown}
 q - a potion of agility {unknown}
 u - a potion of lignification {unknown}
Comestibles
 e - 3 meat rations
 x - a beef jerky


   Skills:
 - Level 2.1 Fighting
 * Level 2.1 Short Blades
 * Level 9.3 Throwing
 * Level 4.1 Dodging
 - Level 1.3 Stealth
 * Level 1.2 Evocations


You had 6 spell levels left.
You didn't know any spells.

Dungeon Overview and Level Annotations

Branches:
Dungeon (5/15)
 Temple: D:4-7

Altars:
Elyvilon
Gozag
Sif Muna
Xom
Zin


Innate Abilities, Weirdness & Mutations

You are small and have problems with some larger weapons.
You are carnivorous and can eat meat at any time.


Message History

The scorpion closely misses you.
Drink which item? (? for menu, Esc to quit)
You feel better. The scorpion closely misses you.
You hit the scorpion but do no damage.
The scorpion is heavily wounded.
The gnoll zombie barely misses you. The mummy closely misses you.
The scorpion completely misses you.
You completely miss the scorpion.
The scorpion is heavily wounded.
The gnoll zombie barely misses you. The scorpion stings you.
You hit the scorpion but do no damage.
The scorpion is heavily wounded.
The gnoll zombie hits you. The mummy hits you!
* * * LOW HITPOINT WARNING * * *
The scorpion stings you.
* * * LOW HITPOINT WARNING * * *
You hit the scorpion.
The scorpion is severely wounded.
The gnoll zombie hits you.
You die...

############
#.....#.....
+.....#.....
#.....8.....
#...((......
#...@M......
###8Zs..(8##
#...........
#...........
#.....8.....
#.....#.....
#.....#...(.
##########'#######'#
#...#...#...#M??# ..


You could see a mummy, a scorpion and a gnoll zombie.

Vanquished Creatures
  A centaur (D:5)
  A scorpion (Ossuary)
  A human zombie (Ossuary)
  An orc wizard (D:3)
  A worker ant (D:4)
  4 gnolls (D:3)
  5 adders
  3 scorpion zombies (Ossuary)
  3 oozes
  4 worms
  2 giant geckos
  4 orcs
  2 giant cockroaches (D:1)
  3 goblins
  10 hobgoblins
  4 jackals (D:5)
  4 bats
  2 giant newts
  2 gnoll zombies (Ossuary)
  A goblin zombie (Ossuary)
  A hobgoblin zombie (Ossuary)
  6 kobolds
  A kobold zombie (Ossuary)
  An orc zombie (Ossuary)
  9 rats
76 creatures vanquished.

Vanquished Creatures (others)
  A scorpion zombie (Ossuary)
1 creature vanquished.

Grand Total: 77 creatures vanquished

Notes
Turn   | Place    | Note
--------------------------------------------------------------
     0 | D:1      | Chiseanne the Kobold Hunter began the quest for the Orb.
     0 | D:1      | Reached XP level 1. HP: 12/12 MP: 1/1
   277 | D:1      | Reached XP level 2. HP: 9/17 MP: 2/2
   741 | D:1      | Reached skill level 6 in Throwing
  1244 | D:2      | Reached XP level 3. HP: 21/21 MP: 3/3
  1749 | D:2      | Reached XP level 4. HP: 21/26 MP: 4/4
  2138 | D:3      | Reached skill level 7 in Throwing
  2510 | D:3      | Reached XP level 5. HP: 11/30 MP: 5/5
  2516 | D:3      | HP: 1/30 [gnoll/club (7)]
  2958 | D:3      | Found a shimmering altar of Xom.
  3179 | D:3      | Reached skill level 8 in Throwing
  3519 | D:4      | Reached XP level 6. HP: 35/35 MP: 6/6
  3774 | D:4      | Found a white marble altar of Elyvilon.
  4045 | D:5      | Entered Level 5 of the Dungeon
  4086 | D:5      | Found a deep blue altar of Sif Muna.
  4087 | D:5      | Found an opulent altar of Gozag.
  4087 | D:5      | Found a glowing silver altar of Zin.
  4126 | D:5      | Reached skill level 1 in Short Blades
  4270 | D:5      | Found a sand-covered staircase.
  4281 | Ossuary  | Entered an ossuary
  4361 | Ossuary  | Reached skill level 9 in Throwing
  4491 | Ossuary  | Reached skill level 1 in Evocations
  4491 | Ossuary  | Reached XP level 7. HP: 29/40 MP: 7/7
  4683 | Ossuary  | Slain by a gnoll zombie

Vault maps used:
D:1:      lightli_arrival_isolated_outpost
D:3:      lemuel_crystal_altar, first_bread
D:4:      elyvilon_altar_1
D:5:      lemuel_crystal_altar, nicolae_overflow_hidden_temple, enter_ossuary_4,
          cheibriados_altar_1, uniq_crazy_yiuf_cottage, uniq_duvessa
Ossuary:  ossuary_minmay_scorpions

Action                   |  1- 3 |  4- 6 |  7- 9 || total
-------------------------+-------+-------+-------++-------
Melee: Short sword       |    49 |    33 |       ||    82
       Rapier            |       |   162 |    72 ||   234
Throw: Tomahawk          |    44 |    83 |     2 ||   129
  Use: Scroll            |       |     6 |       ||     6
       Potion            |       |     2 |     3 ||     5
  Eat: Chunk             |     9 |    10 |       ||    19
